 Dungeon Crawl Stone Soup version 0.20-a0-539-g174d061 (webtiles) character file.

226 Dragon983 the Ducker (level 5, 25/25 HPs)
             Began as a Felid Berserker on Jan 29, 2017.
             Was a Believer of Trog.
             Quit the game on level 4 of the Dungeon.
             The game lasted 00:05:14 (4453 turns).

Dragon983 the Ducker (Felid Berserker)              Turns: 4453, Time: 00:05:15

Health: 25/25      AC:  2    Str: 13    XL:     5   Next: 69%
Magic:  6/6        EV: 22    Int:  9    God:    Trog [**....]
Gold:   220        SH:  0    Dex: 17    Spells: 4/4 levels left
                                        Lives:  0   Deaths: 1

rFire    . . .     SeeInvis +     - Unarmed
rCold    . . .     Gourm    .   (armour unavailable)
rNeg     . . .     Faith    .   (shield unavailable)
rPois    .         Spirit   .   (helmet unavailable)
rElec    .         Reflect  .   (cloak unavailable)
rCorr    .         Harm     .   (gloves unavailable)
MR       .....                  (boots unavailable)
Stlth    ++........             (no amulet)
Regen    0.1/turn               (no ring)
                                (no ring)

@: quick
A: no armour, no weapons or thrown items, stealth, claws 1, fangs 3, see
invisible, carnivore 3, speed 1, shaggy fur 2, slow metabolism 1, sharp paws
a: Berserk, Trog's Hand, Burn Spellbooks, Renounce Religion


You were on level 4 of the Dungeon.
You worshipped Trog.
Trog was pleased with you.
You were not hungry.

You visited 1 branch of the dungeon, and saw 4 of its levels.

You collected 220 gold pieces.

Inventory:

Jewellery
 b - an uncursed ring of magical power {unknown}
Wands
 i - a wand of digging (7/24)
Scrolls
 c - 2 scrolls of enchant weapon {unknown}
 d - 7 scrolls of identify {unknown}
 f - 2 scrolls of magic mapping {unknown}
 h - 5 scrolls of teleportation {unknown}
 l - 3 scrolls of random uselessness {unknown}
 m - 5 scrolls of remove curse {unknown}
 o - a scroll of recharging {unknown}
 q - a scroll of blinking {unknown}
 t - a scroll of fog {unknown}
Potions
 e - a potion of berserk rage {unknown}
 g - a potion of ambrosia {unknown}
 j - a potion of lignification {unknown}
 k - a potion of heal wounds {unknown}
 r - a potion of mutation {unknown}
 s - 2 potions of curing {unknown}
Books
 n - a book of Callings

   Spells                             Type                      Level
   a - Summon Small Mammal            Summoning                    1
   b - Call Imp                       Summoning                    2
   c - Call Canine Familiar           Summoning                    3
   d - Summon Guardian Golem          Hexes/Summoning              3
   e - Summon Lightning Spire         Summoning/Air                4
   f - Summon Ice Beast               Ice/Summoning                4
   Trog disapproves of the use of such an item.
Comestibles
 a - 5 meat rations
 p - 4 chunks of flesh


   Skills:
 + Level 4.8 Fighting
 + Level 6.8 Dodging
 + Level 1.1 Stealth
 + Level 5.0 Unarmed Combat


You had 4 spell levels left.
You didn't know any spells.

Dungeon Overview and Level Annotations

Branches:
Dungeon (4/15)
 Temple: D:4-7

Altars:
Hepliaklqana
Nemelex Xobeh

Annotations:
D:4 Pikel


Innate Abilities, Weirdness & Mutations

You cannot wear armour.
You are incapable of wielding weapons or throwing items.
Your paws allow you to move quietly. (Stealth)
You have sharp claws.
You have razor-sharp teeth.
You have supernaturally acute eyesight. (SInv)
You are carnivorous and can eat meat at any time.
You cover ground quickly.
You are covered in thick fur. (AC +2)
You have a slow metabolism.
Your sharp claws are effective at attacking unaware monsters.


Message History

Pikel is moderately wounded.
You claw Pikel! You bite Pikel, but do no damage.
Pikel is heavily wounded.
Pikel hits you with a whip of freezing!
* * * LOW HITPOINT WARNING * * *
Pikel freezes you.
* * * LOW HITPOINT WARNING * * *
The slave completely misses you. The slave misses you.
You scratch Pikel but do no damage.
Pikel is heavily wounded.
Pikel misses you. The slave completely misses you. The slave hits you!
You die...
Level annotation: Pikel Welcome back, Dragon983 the Felid Berserker.
Trog says: Kill them all!
Press ? for a list of commands and other information.
You are now level 5!
You rejoin the land of the living...
Unknown command.
Are you sure you want to abandon this character and quit the game? (Confirm with "yes".)

.
#..............#
.
#..............#
#..............#
#..............#
+..............+
#..............#
#..............#
#..............#
#.............@#
#..............#
...........#
...........#
...........#####
.##............#
#....>.......#
#............#
#............#


There were no monsters in sight!

Vanquished Creatures
  A scorpion (D:4)
  2 hounds (D:4)
  A jelly (D:4)
  A bullfrog skeleton (D:4)
  An orc priest (D:3)
  Jessica (D:2)
  Ijyb (D:3)
  An iguana (D:3)
  A worker ant (D:4)
  The ghost of Vesto the Skirmisher, a weakling DsFi (D:3)
  4 adders
  4 worms
  2 dart slugs
  3 leopard geckos
  9 orcs
  4 giant cockroaches
  6 goblins
  4 hobgoblins
  4 jackals (D:2)
  A ball python (D:2)
  4 bats
  4 frilled lizards
  6 kobolds
  A leopard gecko skeleton (D:4)
  7 rats
74 creatures vanquished.

Notes
Turn   | Place    | Note
-------+----------+-------------------------------------------
     0 | D:1      | Dragon983 the Felid Berserker began the quest for the Orb.
     0 | D:1      | Reached XP level 1. HP: 10/10 MP: 2/2
   546 | D:1      | Reached XP level 2. HP: 7/14 MP: 3/3
  1494 | D:2      | Noticed Jessica
  1500 | D:2      | Killed Jessica
  1500 | D:2      | Reached XP level 3. HP: 17/17 MP: 4/4
  1519 | D:2      | Reached skill level 5 in Dodging
  1573 | D:2      | Reached XP level 4. HP: 13/21 MP: 5/5
  1843 | D:2      | Reached ** piety under Trog
  2144 | D:2      | Found a sparkling altar of Nemelex Xobeh.
  2772 | D:3      | Found a faded altar of an unknown god.
  2876 | D:3      | Noticed Vesto's ghost (weakling DsFi)
  2881 | D:3      | Killed Vesto's ghost
  2932 | D:3      | Noticed Ijyb
  2945 | D:3      | Killed Ijyb
  2945 | D:3      | Reached XP level 5. HP: 25/25 MP: 6/6
  3093 | D:3      | Reached skill level 6 in Dodging
  3687 | D:4      | Gained mutation: You are covered in thick fur. (AC +2) [Felid growth]
  3687 | D:4      | Reached XP level 6. HP: 23/29 MP: 7/7
  4217 | D:4      | Reached skill level 1 in Stealth
  4352 | D:4      | Reached skill level 5 in Unarmed Combat
  4439 | D:4      | Found a hazy altar of Hepliaklqana.
  4439 | D:4      | Noticed Pikel
  4441 | D:4      | Noticed a slave
  4442 | D:4      | Noticed a slave
  4445 | D:4      | Noticed a slave
  4445 | D:4      | Noticed a slave
  4452 | D:4      | Slain by a slave
  4453 | D:4      | Reached XP level 5. HP: 0/37 MP: 6/6
  4453 | D:4      | Quit the game

Vault maps used:
D:1:      onia_arrival_mini_spirals, kennysheep_small_spiral
D:2:      marbit_many_paths, first_bread, uniq_jessica
D:3:      chequers_ecumenical_altar_simple, grunt_ministairs_3, uniq_iyjb
D:4:      lemuel_round_altar, uniq_pikel

Skill      XL: |  1  2  3  4  5  6 |
---------------+-------------------+-----
Dodging        | 5 6 |  6.8
Fighting       | 4 |  4.8
Unarmed Combat | 4 5 |  5.0
Stealth        | 1 |  1.1

Action                   |  1- 3 |  4- 6 || total
-------------------------+-------+-------++-------
Melee: Unarmed           |    83 |   156 ||   239
       Bite              |     5 |    15 ||    20
       Punch             |     1 |     3 ||     4
Invok: Berserk           |       |     3 ||     3
 Stab: Sleeping          |     1 |     4 ||     5
  Eat: Chunk             |     8 |     8 ||    16
Armor: Skin              |     2 |       ||     2
Dodge: Dodged            |    62 |   120 ||   182
